Map: Snowbound Colony

Players

Kitano

  • Race: Zerg Zerg
  • Spawn Location: 6:00

YOLOSWAGGINS

  • Race: Zerg Zerg
  • League: Platinum
  • Spawn Location: 7:00

CoelhobeaR

  • Race: Protoss Protoss
  • Spawn Location: 7:00

DamienShark

  • Race: Protoss Protoss
  • Spawn Location: 1:00

JaySlays

  • Race: Zerg Zerg
  • Spawn Location: 12:00

Wolf

  • Race: Zerg Zerg
  • League: Diamond
  • Spawn Location: 1:00

VOD

Have the link to the VOD?

Description

Time

  • Played on: April 21, 2018, 11:47 p.m.
  • Length: 8:22
Show
View Real Time Build Order
Export as new Build Order

Kitano Zerg 

Build Orders: Pool First 

Get SALT Encoding   

  12  0:01  Drone  
  13  0:13  Overlord  
  13  0:18  Drone  
  14  0:35  Spawning Pool  
  14  0:38  Drone  
  14  0:42  Drone  
  15  0:47  Extractor  
  15  0:48  Drone  
  15  0:52  Drone  
  16  1:01  Overlord  
  17  1:11  Drone  
  17  1:21  Drone  
  17  1:23  Queen  
  20  1:31  Drone  
  21  1:42  Drone  
  22  2:01  Metabolic Boost  
  22  2:03  Zergling x2, Hatchery  
  22  2:11  Zergling x2  
  23  2:17  Zergling x2  
  24  2:25  Zergling x2  
  25  2:33  Zergling x6  
  28  2:39  Overlord  
  28  2:51  Overlord  
  28  2:53  Queen  
  30  3:04  Zergling x8  
  34  3:15  Zergling x4  
  36  3:26  Drone x2  
  37  3:54  Zergling x8  
  37  3:55  Zergling x2  
  42  3:57  Drone x2  
  28  4:54  Zergling x2  
  28  4:55  Zergling x18  
  37  5:06  Zergling x4  
  37  5:07  Zergling x4  
  41  5:14  Drone x2  
  43  5:28  Drone x2  
  45  5:30  Drone x2  
  45  5:31  Drone x3  
  50  5:46  Drone x2, Overlord x3  
  50  6:12  Drone x5, Extractor  
  50  6:14  Extractor x2, Drone  
  50  6:15  Drone x2  
  50  6:17  Hatchery  
  43  6:50  Lair  
  43  6:51  Drone x3  
  43  6:53  Drone x2  
  47  6:56  Zergling x10  
  52  7:14  Drone x3  
  55  7:18  Drone x5  
  58  7:58  Spire  
  71  8:22  Extractor  
Show
View Real Time Build Order
Export as new Build Order

YOLOSWAGGINS Zerg 

Build Orders: 3 Hatch before Pool 

Get SALT Encoding   

  12  0:01  Drone  
  13  0:13  Overlord  
  13  0:18  Drone  
  14  0:31  Drone x2  
  16  0:35  Drone  
  17  0:55  Hatchery  
  16  0:59  Drone  
  17  1:20  Hatchery  
  17  1:22  Drone  
  17  1:35  Spawning Pool  
  17  1:37  Drone  
  17  1:43  Extractor  
  17  1:44  Drone  
  17  1:46  Drone  
  18  1:54  Drone  
  19  2:02  Drone  
  19  2:07  Drone  
  21  2:14  Drone  
  22  2:19  Drone  
  23  2:25  Queen  
  23  2:29  Queen  
  27  2:31  Drone  
  27  2:35  Drone  
  29  2:37  Drone  
  29  2:41  Drone  
  31  2:50  Zergling x2, Baneling Nest  
  31  2:53  Zergling x2  
  32  2:58  Drone x2  
  32  3:02  Overlord  
  34  3:19  Overlord  
  34  3:33  Drone x2  
  34  3:34  Drone x6  
  39  3:37  Lair  
  39  3:40  Drone  
  43  3:42  Roach Warren  
  43  3:44  Extractor  
  43  3:46  Extractor  
  43  3:47  Drone  
  43  3:48  Drone, Extractor  
  41  3:50  Drone  
  41  3:53  Drone  
  41  3:54  Drone  
  44  4:02  Overlord  
  44  4:03  Drone x2  
  44  4:08  Drone x2  
  44  4:09  Drone  
  49  4:15  Drone  
  50  4:29  Drone  
  50  4:31  Hatchery  
  50  4:32  Drone  
  50  4:33  Drone  
  50  4:35  Drone  
  50  4:37  Baneling x2  
  50  4:38  Baneling  
  53  4:39  Baneling  
  53  4:41  Drone  
  54  4:54  Overlord  
  54  4:55  Overlord x2  
  54  4:58  Glial Reconstitution  
  54  5:03  Drone  
  54  5:04  Drone x2  
  54  5:06  Drone  
  58  5:18  Overlord  
  58  5:19  Overlord x3  
  58  5:31  Drone x4  
  58  5:32  Evolution Chamber  
  58  5:34  Evolution Chamber  
  60  5:35  Queen  
  60  5:39  Queen  
  60  5:41  Overlord  
  64  5:46  Drone x4  
  68  5:53  Drone  
  68  5:54  Drone  
  70  5:59  Overlord  
  70  6:00  Overlord x3  
  70  6:13  Roach  
  70  6:14  Roach x6  
  84  6:23  Zerg Missile Weapons Level 1  
  84  6:25  Zerg Ground Armor Level 1, Roach  
  86  6:26  Roach x2  
  86  6:30  Roach x3  
  86  6:32  Roach  
  98  6:33  Roach  
  98  6:35  Roach  
  98  6:37  Roach  
  102  6:47  Roach  
  102  6:48  Roach x5  
  112  6:59  Roach x7  
  126  7:10  Drone x3  
  126  7:12  Hydralisk Den  
  126  7:13  Overlord x3  
  128  7:16  Roach x2  
  128  7:20  Roach x3  
  140  7:30  Roach x5  
  138  7:39  Roach x5  
  138  7:40  Roach  
  148  7:44  Roach x2  
  148  7:45  Roach  
  148  7:46  Roach  
  154  7:56  Roach  
  154  7:57  Roach x5  
  154  7:58  Roach  
Show
View Real Time Build Order
Export as new Build Order

CoelhobeaR Protoss 

Build Orders:  

Get SALT Encoding   

  12  0:01  Probe  
  13  0:13  Probe  
  14  0:25  Probe  
  15  0:29  Pylon  
  15  0:42  Assimilator  
  15  0:46  Probe  
  16  0:50  Gateway  
  16  0:54  Probe  
  16  1:02  Probe  
  18  1:14  Probe  
  19  1:25  Assimilator  
  19  1:26  Probe  
  19  1:30  Pylon  
  20  1:37  Cybernetics Core  
  20  1:38  Probe  
  21  1:48  Warp Gate  
  21  1:50  Probe  
  21  1:52  Gateway  
  22  2:02  Probe  
  23  2:14  Stalker  
  25  2:35  Probe  
  25  2:36  Nexus  
  26  2:40  Pylon  
  26  2:45  Stalker  
  28  2:56  Probe  
  29  3:01  Stalker  
  31  3:08  Probe  
  32  3:20  Probe  
  32  3:24  Stalker  
  35  3:32  Probe  
  36  3:45  Probe  
  37  3:49  Probe  
  38  3:57  Probe  
  38  4:01  Probe  
  40  4:05  Assimilator  
  40  4:07  Stalker  
  40  4:08  Stalker  
  40  4:09  Probe  
  45  4:13  Probe  
  46  4:21  Probe  
  46  4:22  Pylon  
  47  4:25  Robotics Facility  
  47  4:26  Probe  
  47  4:27  Robotics Facility  
  48  4:37  Probe  
  48  4:38  Probe  
  50  4:49  Probe  
  50  4:50  Probe  
  50  5:16  Stalker x2  
  50  5:19  Probe x2  
  56  5:23  Robotics Bay  
  56  5:37  Pylon  
  56  5:39  Pylon, Probe  
  56  5:40  Probe  
  56  5:42  Forge  
  58  5:43  Assimilator  
  58  5:51  Probe  
  58  5:52  Probe  
  58  5:55  Extended Thermal Lance  
  60  6:03  Stalker  
  60  6:04  Probe x2, Stalker  
  66  6:07  Pylon  
  66  6:14  Colossus x2, Protoss Ground Weapons Level 1  
  78  6:31  Zealot x2  
  75  7:11  Pylon x2  
  87  7:45  Pylon  
  87  7:46  Pylon  
  87  7:47  Pylon  
Show
View Real Time Build Order
Export as new Build Order

DamienShark Protoss 

Build Orders:  

Get SALT Encoding   

Show
View Real Time Build Order
Export as new Build Order

JaySlays Zerg 

Build Orders: Hatch First, Zergling Baneling 

Get SALT Encoding   

  12  0:01  Drone  
  13  0:13  Overlord  
  13  0:18  Drone  
  14  0:31  Drone  
  14  0:32  Drone  
  16  0:39  Drone  
  17  0:55  Hatchery  
  16  0:58  Drone  
  16  1:01  Drone  
  18  1:14  Extractor  
  17  1:19  Spawning Pool  
  16  1:26  Drone x2  
  18  1:39  Drone  
  19  1:48  Drone  
  20  1:54  Drone  
  20  2:01  Drone  
  22  2:07  Overlord  
  22  2:14  Drone  
  23  2:19  Metabolic Boost  
  23  2:21  Queen  
  25  2:29  Drone x3  
  28  2:38  Queen  
  30  2:45  Overlord  
  30  2:57  Queen  
  32  3:00  Zergling x8  
  36  3:09  Baneling Nest  
  35  3:17  Drone x3  
  35  3:18  Drone  
  39  3:25  Overlord  
  32  3:52  Zergling x18  
  34  4:13  Baneling x10  
  34  4:34  Zergling x2  
  34  4:35  Zergling x8, Hatchery  
  38  4:44  Overlord  
  33  5:05  Zergling x6  
  33  5:15  Lair  
  33  5:24  Zergling x2  
  33  5:25  Zergling x4  
  36  5:30  Extractor, Evolution Chamber  
  36  5:34  Evolution Chamber  
  33  5:42  Baneling x4  
  33  5:43  Baneling  
  33  5:45  Zergling x8  
  37  5:50  Drone  
  37  5:56  Queen  
  40  6:15  Hydralisk Den  
  40  6:17  Zergling x2  
  40  6:18  Zergling x2  
  41  6:21  Drone  
  37  6:51  Drone x3  
  40  7:06  Hydralisk  
  40  7:07  Hydralisk x2  
  43  7:12  Drone  
  44  7:23  Drone  
  44  7:25  Drone x5  
  44  7:26  Drone x2  
  52  7:30  Baneling x2  
  52  7:31  Baneling  
  50  7:38  Hydralisk  
  52  7:51  Overlord  
  52  7:52  Overlord  
Show
View Real Time Build Order
Export as new Build Order

Wolf Zerg 

Build Orders: Hatch First 

Get SALT Encoding   

  12  0:01  Drone  
  13  0:13  Overlord  
  13  0:18  Drone  
  14  0:31  Drone x2  
  16  0:37  Drone  
  17  0:54  Hatchery  
  16  0:57  Drone  
  16  1:00  Drone  
  18  1:11  Extractor  
  18  1:16  Spawning Pool  
  16  1:19  Drone  
  16  1:23  Drone  
  18  1:30  Drone  
  19  1:39  Overlord  
  19  1:53  Drone  
  20  2:03  Drone  
  20  2:07  Queen  
  20  2:08  Queen  
  25  2:09  Zergling x2  
  25  2:12  Zergling x2  
  25  2:13  Metabolic Boost  
  27  2:17  Zergling x2  
  28  2:23  Drone  
  29  2:30  Drone  
  29  2:36  Drone  
  31  2:42  Baneling Nest  
  31  2:43  Drone x2  
  32  2:58  Drone x2  
  34  3:08  Hatchery  
  33  3:13  Queen  
  35  3:36  Zergling x2  
  35  3:39  Overlord x3  
  36  3:44  Spine Crawler  
  35  3:51  Zergling x2  
  36  4:00  Baneling x5  
  36  4:01  Baneling  
  36  4:02  Zergling x2  
  37  4:03  Zergling x10  
  37  4:09  Queen  
  41  4:38  Zergling x16  
  46  4:50  Queen  
  46  4:52  Zergling x2  
  46  4:53  Zergling x10  
  51  5:06  Baneling x4  
  51  5:07  Baneling x4  
  50  5:37  Drone x5  
  50  5:40  Lair  
  55  6:05  Zergling x2  
  55  6:06  Drone x8  
  55  6:07  Drone x2  
  55  6:09  Overlord x2  
  55  6:10  Overlord  
  66  6:17  Extractor  
  65  6:19  Extractor  
  55  6:52  Zergling x2  
  55  6:53  Zergling x22  
  61  7:08  Drone x2  
  63  7:09  Drone x4  
  63  7:14  Queen  
  69  7:18  Extractor  
  69  7:19  Extractor  
  69  7:21  Extractor  
  56  7:31  Hydralisk Den  
  56  7:36  Zergling x2  
  48  7:37  Zergling x20  
Tags
 
Add a new tag
Caveats
  • Supply blocks, unpowered buildings, or Contaminate may cause inaccurate times.
  • Supply counts are checked every 10 seconds.